[Event "December 19 Early 2023"]
[Site "https://www.chess.com"]
[Date "2023.12.19"]
[Round "4"]
[White "Bortnyk, Olexandr"]
[Black "Kozak, Antoni"]
[Result "1-0"]
[Board "17"]
[TimeControl "180+1"]
[WhiteFideId "14120828"]
[BlackFideId "21832030"]
[WhiteElo "2731"]
[BlackElo "2470"]
[WhiteTeam "UKR"]
[BlackTeam "POL"]
[WhiteClock "0:00:02"]
[BlackClock "0:00:00"]

1. e4 g6 2. d4 Bg7 3. Nf3 d6 4. Bc4 Nf6 5. Qe2 c6 6. e5 Nd5 7. O-O O-O 8. h3 b5 9. Bb3 a5 10. c3 Bf5 11. Bg5 Qd7 12. a4 b4 13. c4 Nc7 14. Nbd2 dxe5 15. dxe5 Bd3 16. Qe3 Bxf1 17. Rxf1 Ne6 18. c5 Na6 19. Ne4 Nac7 20. Rd1 Nd5 21. Qc1 Qc7 22. Bh6 Rfd8 23. Bxg7 Kxg7 24. g3 Rd7 25. h4 h6 26. Re1 Rad8 27. Qc4 Qa7 28. Qc1 Ndc7 29. Kg2 Rd3 30. Bc4 R3d7 31. h5 g5 32. Nexg5 hxg5 33. Nxg5 Qxc5 34. h6+ Kf8 35. h7 Kg7 36. b3 Rd2 37. Ne4 Qd4 38. Nxd2 Qxd2 39. Qb1 Nd4 40. Rd1 Qc3 41. Qe4 Nce6 42. Qg4+ Kh8 43. Bxe6 fxe6 44. Qf4 Qc2 45. Rxd4 1-0

[Event "December 19 Early 2023"]
[Site "https://www.chess.com"]
[Date "2023.12.19"]
[Round "4"]
[White "Drygalov, Sergey"]
[Black "Bardyk, Artem"]
[Result "1-0"]
[Board "18"]
[TimeControl "180+1"]
[WhiteFideId "24171743"]
[BlackFideId "34349979"]
[WhiteElo "2504"]
[BlackElo "2300"]
[WhiteTeam "RUS"]
[BlackTeam "RUS"]
[WhiteClock "0:00:13"]
[BlackClock "0:00:05"]

1. d4 d5 2. c4 e6 3. Nf3 Nf6 4. Nc3 c5 5. e3 Nc6 6. a3 cxd4 7. exd4 Be7 8. c5 O-O 9. Bb5 Bd7 10. O-O Ne4 11. Bxc6 Bxc6 12. Ne5 Rc8 13. Qc2 Bf6 14. Bf4 Bxe5 15. Bxe5 Nxc3 16. Qxc3 b6 17. b4 Bb5 18. Rfe1 Bc4 19. Qg3 f6 20. Bd6 Re8 21. h4 Qd7 22. a4 Qf7 23. Re3 Qg6 24. Qf4 Kf7 25. Rae1 h5 26. b5 Qg4 27. Qxg4 hxg4 28. Ra3 e5 29. cxb6 axb6 30. dxe5 d4 31. a5 Ra8 32. Re4 Bxb5 33. Rxd4 Rxa5 34. Rxa5 bxa5 35. Rd5 Bc6 36. Rc5 Bd7 37. Rxa5 fxe5 38. Bxe5 g6 39. Kh2 Rc8 40. Kg3 Bf5 41. Ra7+ Ke6 42. Bf4 Kd5 43. Be3 Rc2 44. Ra5+ Ke6 45. Kf4 Rc4+ 46. Kg5 g3 47. f3 Rc2 48. h5 Rxg2 49. hxg6 Bxg6 50. Ra6+ Ke5 51. Bf4+ Kd5 52. Rxg6 Rf2 53. Kg4 g2 54. Bh2 Rf1 55. Kf4 Rh1 56. Rxg2 Ra1 57. Rd2+ Ke6 58. Kg4 Ra4+ 59. f4 Ra8 60. f5+ Kf7 61. Bf4 Ra1 62. Rd7+ Ke8 63. Rd6 Ke7 64. Re6+ Kf7 65. Rc6 Rg1+ 66. Kf3 Rc1 67. Rxc1 1-0

[Event "December 19 Early 2023"]
[Site "https://www.chess.com"]
[Date "2023.12.19"]
[Round "4"]
[White "Liascovich, Lucas"]
[Black "Cristobal, Manuel"]
[Result "1/2-1/2"]
[Board "19"]
[TimeControl "180+1"]
[WhiteFideId "108634"]
[BlackFideId "112879"]
[WhiteElo "2455"]
[BlackElo "2244"]
[WhiteTeam "ARG"]
[BlackTeam "ARG"]
[WhiteClock "0:01:45"]
[BlackClock "0:01:41"]

1. e4 e5 2. Nf3 Nc6 3. Nc3 Nf6 4. Bb5 Nd4 5. Nxd4 exd4 6. e5 dxc3 7. exf6 Qxf6 8. Qe2+ Qe6 9. Qxe6+ fxe6 10. dxc3 c6 11. Bd3 d5 12. Bf4 Be7 13. O-O-O O-O 14. Bg3 Bg5+ 15. Kb1 Bf4 16. Bxf4 Rxf4 17. Rhf1 e5 18. f3 Bd7 19. Rde1 Re8 20. Kc1 e4 21. fxe4 Rxf1 22. Rxf1 dxe4 23. Bc4+ Be6 24. Bxe6+ Rxe6 25. Kd2 Rh6 26. h3 Rg6 27. Rf2 Rg3 28. Re2 e3+ 29. Kd3 Kf7 30. b4 Ke6 31. Ke4 Kd6 32. Kf4 Rg6 33. Rxe3 Rxg2 34. Rd3+ Kc7 35. Re3 Rxc2 36. Re7+ Kb6 37. Rxg7 Rxa2 38. Rxh7 a5 39. bxa5+ Rxa5 40. Ke3 Re5+ 41. Kd3 Rd5+ 42. Kc2 Kc5 43. Rxb7 Rh5 44. Kb3 1/2-1/2

[Event "December 19 Early 2023"]
[Site "https://www.chess.com"]
[Date "2023.12.19"]
[Round "4"]
[White "Svane, Frederik"]
[Black "Sahib Singh"]
[Result "1/2-1/2"]
[Board "20"]
[TimeControl "180+1"]
[WhiteFideId "12923044"]
[BlackFideId "25618342"]
[WhiteElo "2502"]
[BlackElo "2130"]
[WhiteTeam "GER"]
[BlackTeam "IND"]
[WhiteClock "0:00:09"]
[BlackClock "0:00:08"]

1. d4 d5 2. Nf3 e6 3. c4 Nf6 4. Nc3 Be7 5. Bf4 O-O 6. e3 b6 7. Qc2 Bb7 8. cxd5 Nxd5 9. Nxd5 Qxd5 10. Bd3 Bb4+ 11. Ke2 h6 12. Qxc7 Nc6 13. Rhd1 f5 14. Rdc1 Rf7 15. Rxc6 Bxc6 16. Qe5 g5 17. Qxd5 Bxd5 18. Be5 g4 19. Nh4 Be7 20. Ng6 Bf6 21. Bxf6 Rxf6 22. Nf4 Rc8 23. a4 a5 24. Kd2 Bb3 25. Ra3 Bd5 26. Ra1 Bb3 27. Ra3 Bd5 28. Nxd5 exd5 29. Rb3 Kf7 30. g3 Ke7 31. Rb5 Rd8 32. b4 axb4 33. Rxb4 Ra8 34. Bc2 Ra5 35. Rb2 Kd7 36. Rb1 Kc7 37. Rb4 h5 38. Rb1 Rc6 39. Rb4 Rc4 40. Rxc4+ dxc4 41. Kc3 b5 42. axb5 Rxb5 43. Kxc4 Rb2 44. Kc3 Rb5 45. Bd3 Ra5 46. Bc2 Kd6 47. Kd3 Ra2 48. Kc3 Ra3+ 49. Kd2 Ra2 50. Kd3 Ra1 51. Ke2 Ke6 52. Bb3+ Kf6 53. Bd5 Ra5 54. Bg2 Ra2+ 55. Ke1 Kg5 56. h4+ Kf6 57. Bf1 Ra1+ 58. Ke2 Ke6 59. Bg2 Kd6 60. Kd2 Ra2+ 61. Ke1 Ra1+ 62. Ke2 Ra2+ 63. Ke1 Ra1+ 64. Ke2 Ra2+ 65. Ke1 1/2-1/2

[Event "December 19 Early 2023"]
[Site "https://www.chess.com"]
[Date "2023.12.19"]
[Round "4"]
[White "Galchenko, Matvey"]
[Black "Truskavetsky, Alexandr"]
[Result "0-1"]
[Board "21"]
[TimeControl "180+1"]
[WhiteFideId "24175480"]
[BlackFideId "14108577"]
[WhiteElo "2424"]
[BlackElo "2210"]
[WhiteTeam "FID"]
[BlackTeam "RUS"]
[WhiteClock "0:00:02"]
[BlackClock "0:01:19"]

1. e4 c5 2. c3 Nf6 3. e5 Nd5 4. Nf3 d6 5. Bc4 Nb6 6. Bb3 g6 7. d4 cxd4 8. exd6 Qxd6 9. O-O Bg7 10. Nxd4 a6 11. Re1 O-O 12. Qf3 e5 13. Nc2 Be6 14. Be3 N8d7 15. Nd2 f5 16. Rad1 Bxb3 17. Nxb3 Qc7 18. Na5 e4 19. Qh3 Ne5 20. Nb4 Nbc4 21. Nxc4 Qxc4 22. Bd4 Rad8 23. Qg3 Nf7 24. Bxg7 Kxg7 25. b3 Qc5 26. Nc2 Ne5 27. Nd4 Qe7 28. f3 f4 29. Qh3 e3 30. Ne6+ Kf6 31. Nxd8 Rxd8 32. Qh4+ g5 33. Qh6+ Ng6 34. Rxd8 Qxd8 35. h4 gxh4 36. Qxh7 Qd2 37. Ra1 e2 38. Qxb7 e1=Q+ 39. Rxe1 Qxe1+ 40. Kh2 h3 41. Qxa6+ Kg5 42. Qb5+ Kh4 43. gxh3 Qg3+ 44. Kh1 Qxf3+ 45. Kg1 Qg3+ 46. Kf1 Qxh3+ 47. Kg1 Qe3+ 48. Kf1 f3 49. a4 f2 50. Qe2 Qxe2+ 51. Kxe2 Kg3 52. a5 Kg2 53. a6 f1=Q+ 0-1

[Event "December 19 Early 2023"]
[Site "https://www.chess.com"]
[Date "2023.12.19"]
[Round "4"]
[White "Szalay, Karoly"]
[Black "Ter-Sahakyan, Samvel"]
[Result "0-1"]
[Board "22"]
[TimeControl "180+1"]
[WhiteFideId "2600544"]
[BlackFideId "13302531"]
[WhiteElo "2609"]
[BlackElo "2556"]
[WhiteTeam "CAN"]
[BlackTeam "ARM"]
[WhiteClock "0:00:00"]
[BlackClock "0:00:39"]

1. e4 e5 2. Nf3 Nc6 3. Nc3 Nf6 4. Bb5 Nd4 5. Ba4 a5 6. d3 c6 7. Bb3 d6 8. h3 b5 9. a3 Nxb3 10. cxb3 Be7 11. Be3 O-O 12. O-O Bb7 13. d4 Qb8 14. b4 axb4 15. axb4 Rxa1 16. Qxa1 Re8 17. Rd1 h6 18. d5 cxd5 19. exd5 Bc8 20. Qa5 Bd7 21. Bb6 Qb7 22. Ra1 Nxd5 23. Nxd5 Qxd5 24. Be3 Bf8 25. Qc7 Bxh3 26. gxh3 Qxf3 27. Qd7 Re6 28. Kh2 d5 29. Rg1 d4 0-1

[Event "December 19 Early 2023"]
[Site "https://www.chess.com"]
[Date "2023.12.19"]
[Round "4"]
[White "Stepanencu, Nicodim-Cosmin"]
[Black "Baskakov, Egor"]
[Result "0-1"]
[Board "23"]
[TimeControl "180+1"]
[WhiteFideId "1256220"]
[BlackFideId "24197866"]
[WhiteElo "2154"]
[BlackElo "2225"]
[WhiteTeam "ROU"]
[BlackTeam "RUS"]
[WhiteClock "0:00:02"]
[BlackClock "0:00:20"]

1. Nf3 Nf6 2. c4 e6 3. b3 d5 4. cxd5 exd5 5. Bb2 Be7 6. g3 O-O 7. Bg2 Ne4 8. O-O Bf6 9. Qc1 c6 10. d3 Bxb2 11. Qxb2 Ng5 12. Nbd2 Bg4 13. b4 Nxf3+ 14. Nxf3 Nd7 15. Rac1 Rc8 16. Qd4 Bxf3 17. Bxf3 Qb6 18. Qc3 Rfe8 19. e3 Ne5 20. Bg2 Rcd8 21. Rfe1 Re6 22. d4 Nc4 23. Bf1 Nd6 24. Bd3 Ne4 25. Bxe4 dxe4 26. Qc5 Rd5 27. Qxb6 axb6 28. a4 Re8 29. Rc2 Ra8 30. Ra1 f5 31. Kf1 Kf7 32. b5 Rxb5 33. axb5 Rxa1+ 34. Ke2 cxb5 35. Rc7+ Ke6 36. Rxb7 Ra6 37. Rxg7 Kd5 38. Rxh7 Ra2+ 39. Kd1 Kc4 40. Rc7+ Kd3 41. d5 Rxf2 42. Ke1 Re2+ 43. Kf1 Rd2 44. Ke1 Rxh2 45. d6 Rh8 46. Rb7 Kxe3 47. Kd1 Kf3 48. Rxb6 Kxg3 49. Rxb5 f4 50. Ke2 Rh2+ 51. Ke1 e3 52. Rg5+ Kf3 53. d7 Rh1+ 0-1

[Event "December 19 Early 2023"]
[Site "https://www.chess.com"]
[Date "2023.12.19"]
[Round "4"]
[White "Parpiev, Isaak"]
[Black "Le, Tuan Minh"]
[Result "0-1"]
[Board "24"]
[TimeControl "180+1"]
[WhiteFideId "34281576"]
[BlackFideId "12401153"]
[WhiteElo "2183"]
[BlackElo "2561"]
[WhiteTeam "RUS"]
[BlackTeam "VIE"]
[WhiteClock "0:00:00"]
[BlackClock "0:00:04"]

1. e4 e5 2. Nf3 Nc6 3. Nc3 Nf6 4. a3 g6 5. Bc4 Bg7 6. d3 h6 7. h3 d6 8. Be3 Be6 9. Qd2 a6 10. Bxe6 fxe6 11. d4 exd4 12. Nxd4 Qd7 13. f3 Nh5 14. Nde2 Qf7 15. g4 Nf6 16. f4 O-O-O 17. O-O-O Kb8 18. Qe1 Nd7 19. Kb1 Bf6 20. h4 Bg7 21. Qg3 Rhf8 22. Rhf1 Nf6 23. g5 Nh5 24. Qg2 hxg5 25. hxg5 Na5 26. f5 exf5 27. exf5 Nc4 28. Bc1 gxf5 29. Qh3 Be5 30. Rh1 Ng7 31. Qf3 f4 32. Ne4 Ne6 33. Rhf1 Qg6 34. Qd3 d5 35. Nf2 Qxg5 36. Qb3 Qf5 37. Nd3 f3 38. Nxe5 Qxe5 39. Nc3 f2 40. Na4 Nd4 41. Qd3 Nc6 42. Nc3 Qf5 43. Bh6 Rd6 44. Bxf8 Qxf8 45. Nxd5 N6e5 46. Qe4 Qd8 47. b3 Nb6 0-1

[Event "December 19 Early 2023"]
[Site "https://www.chess.com"]
[Date "2023.12.19"]
[Round "4"]
[White "Deac, Bogdan-Daniel"]
[Black "Matinian, Nikita"]
[Result "0-1"]
[Board "25"]
[TimeControl "180+1"]
[WhiteFideId "1226380"]
[BlackFideId "24129100"]
[WhiteElo "2641"]
[BlackElo "2417"]
[WhiteTeam "ROU"]
[BlackTeam "FID"]
[WhiteClock "0:00:03"]
[BlackClock "0:00:06"]

1. e4 c5 2. Nf3 d6 3. Bb5+ Nd7 4. d4 cxd4 5. Qxd4 a6 6. Be2 Ngf6 7. O-O g6 8. Rd1 Bg7 9. Nc3 O-O 10. e5 dxe5 11. Nxe5 Qe8 12. Bf4 Nxe5 13. Bxe5 Bf5 14. Bf3 Bxc2 15. Rdc1 Rd8 16. Qh4 Bd3 17. Bxb7 Qd7 18. Bf3 Qf5 19. Re1 g5 20. Qg3 h6 21. Re3 Bc4 22. Rae1 Rd2 23. b3 Be6 24. h3 Rfd8 25. Bxf6 Bxf6 26. Bg4 Qf4 27. Bxe6 fxe6 28. Ne4 Qxg3 29. Nxg3 Rxa2 30. Rxe6 a5 31. Ne4 Kf7 32. Ra6 Rd4 33. Nxf6 exf6 34. g3 Rdd2 35. Rf1 Rdb2 36. Rb6 Ra3 37. Ra6 Rbxb3 38. Rd1 Rb2 39. Rd7+ Kg6 40. Rd1 Raa2 41. Rf1 a4 42. Kg2 a3 43. h4 g4 44. h5+ Kg5 45. Ra5+ f5 46. Ra6 Kxh5 47. Rh1+ Kg5 48. Rhxh6 Rxf2+ 49. Kg1 Rg2+ 50. Kh1 Rxg3 51. Rhg6+ Kf4 52. Rgb6 Rh3+ 53. Kg1 Rc3 54. Ra4+ Kg3 55. Rb1 f4 56. Rf1 f3 57. Rb1 Rcc2 0-1

[Event "December 19 Early 2023"]
[Site "https://www.chess.com"]
[Date "2023.12.19"]
[Round "4"]
[White "Tabatabaei, M. Amin"]
[Black "Maurizzi, Marc`Andria"]
[Result "0-1"]
[Board "26"]
[TimeControl "180+1"]
[WhiteFideId "12521213"]
[BlackFideId "36083534"]
[WhiteElo "2573"]
[BlackElo "2417"]
[WhiteTeam "IRI"]
[BlackTeam "FRA"]
[WhiteClock "0:00:02"]
[BlackClock "0:00:21"]

1. e4 c5 2. Nf3 Nc6 3. Bb5 e6 4. Bxc6 bxc6 5. b3 d6 6. e5 Ne7 7. exd6 Nf5 8. Nc3 Bxd6 9. O-O O-O 10. Ne4 Be7 11. Ba3 Qa5 12. Qc1 f6 13. d3 Rd8 14. Re1 e5 15. Nfd2 Be6 16. Nc4 Bxc4 17. bxc4 Rab8 18. Bb2 Nd4 19. Bc3 Qa4 20. Bxd4 cxd4 21. Qd1 f5 22. Ng3 Bb4 23. Rxe5 Bc3 24. Rc1 g6 25. h4 Qa3 26. h5 Re8 27. Re2 Qxa2 28. hxg6 hxg6 29. Rxe8+ Rxe8 30. Qf3 Qb2 31. Rf1 Qb7 32. Qf4 a5 33. Qd6 Kf7 34. Qa3 Qb4 35. Qa2 c5 36. Rb1 Re1+ 37. Rxe1 Bxe1 38. Ne2 Qd2 39. Kf1 Qd1 40. g3 Bb4+ 41. Kg2 Qxe2 42. Qa4 Qe6 43. Qb5 Kf6 44. Kf1 g5 45. Kg2 f4 46. gxf4 gxf4 47. Kf3 Qh3+ 48. Kxf4 Bd2+ 49. Ke4 Qf5# 0-1

[Event "December 19 Early 2023"]
[Site "https://www.chess.com"]
[Date "2023.12.19"]
[Round "4"]
[White "Ivic, Velimir"]
[Black "Hua, Lefong"]
[Result "1-0"]
[Board "28"]
[TimeControl "180+1"]
[WhiteFideId "950122"]
[BlackFideId "2602253"]
[WhiteElo "2542"]
[BlackElo "2702"]
[WhiteTeam "SRB"]
[BlackTeam "CAN"]
[WhiteClock "0:00:56"]
[BlackClock "0:00:25"]

1. e4 c5 2. Nf3 g6 3. Bc4 Bg7 4. O-O Nc6 5. d3 e6 6. c3 Nge7 7. Re1 O-O 8. Bb3 d5 9. e5 b6 10. Bc2 d4 11. c4 Bb7 12. Bf4 Qc7 13. Ba4 h6 14. h3 g5 15. Bh2 Ng6 16. Bxc6 Qxc6 17. Nbd2 f5 18. exf6 Bxf6 19. Ne4 Bg7 20. a3 a5 21. Rb1 Nf4 22. b4 axb4 23. axb4 Ra3 24. Bxf4 Rxf4 25. bxc5 bxc5 26. Rb5 Ba6 27. Rb3 Rxb3 28. Qxb3 Rf8 29. Qa3 Bc8 30. Qxc5 Qxc5 31. Nxc5 Re8 32. Ne4 Bb7 33. Nd6 Re7 34. Nxb7 Rxb7 35. Rxe6 Rb3 36. Ne1 Rc3 37. Kf1 Kf7 38. Re2 Bf6 39. Rc2 Rb3 40. Ke2 Bd8 41. Nf3 Bf6 42. Nd2 Rc3 43. Rxc3 dxc3 44. Ne4 Bd4 45. Kd1 Ke6 46. Kc2 1-0

[Event "December 19 Early 2023"]
[Site "https://www.chess.com"]
[Date "2023.12.19"]
[Round "4"]
[White "Kukhmazov, Arsen"]
[Black "JonaszBaum"]
[Result "1-0"]
[Board "29"]
[TimeControl "180+1"]
[WhiteFideId "24108260"]
[WhiteElo "2397"]
[BlackElo "2695"]
[WhiteTeam "FID"]
[WhiteClock "0:00:12"]
[BlackClock "0:00:01"]

1. d4 e6 2. c4 b6 3. a3 d5 4. cxd5 exd5 5. Nc3 Nf6 6. Nf3 Be7 7. Bg5 c6 8. g3 Bf5 9. Bg2 O-O 10. O-O Nbd7 11. Rc1 Rc8 12. Bxf6 Bxf6 13. e3 Re8 14. Qe2 h6 15. Qa6 Rc7 16. Rfd1 Nb8 17. Qa4 Rce7 18. Ne1 a5 19. Nd3 Bg4 20. Rd2 Qd7 21. Qb3 b5 22. Qc2 Bh3 23. Bh1 h5 24. Nf4 Bf5 25. Qd1 h4 26. Bf3 g5 27. Nfxd5 cxd5 28. Nxd5 Re6 29. Nc7 Rd6 30. Nxe8 Qxe8 31. Bg4 Bxg4 32. Qxg4 hxg3 33. hxg3 Nd7 34. Rdc2 Kg7 35. Kg2 Qe6 36. Qxe6 fxe6 37. Rc7 e5 38. dxe5 Bxe5 39. R1c5 Bxb2 40. Rxg5+ Kf6 41. Rxb5 Bxa3 42. Rxa5 Bb2 43. Rb5 Ba1 44. Ra7 Bc3 45. Rc7 Ba1 46. f4 Ke6 47. Kf3 Bf6 48. g4 Be7 49. g5 Nf8 50. f5+ Kf7 51. f6 Ng6 52. fxe7 Re6 53. e8=Q+ Kxe8 54. Rb8# 1-0

[Event "December 19 Early 2023"]
[Site "https://www.chess.com"]
[Date "2023.12.19"]
[Round "4"]
[White "Kamsky, Gata"]
[Black "Agibileg, Uurtsaikh"]
[Result "1-0"]
[Board "30"]
[TimeControl "180+1"]
[WhiteFideId "2000024"]
[BlackFideId "4901606"]
[WhiteElo "2660"]
[BlackElo "2288"]
[WhiteTeam "USA"]
[BlackTeam "MGL"]
[WhiteClock "0:01:07"]
[BlackClock "0:00:03"]

1. d4 Nf6 2. Bf4 e6 3. e3 b6 4. Nf3 Bb7 5. a4 a6 6. h3 c5 7. Nbd2 Be7 8. Bd3 O-O 9. O-O d6 10. Bh2 Nc6 11. Re1 Rc8 12. c3 d5 13. Qe2 Bd6 14. Bxd6 Qxd6 15. e4 dxe4 16. Nxe4 Nxe4 17. Qxe4 g6 18. dxc5 Qxc5 19. Qh4 Qe7 20. Ng5 h5 21. g4 Rfd8 22. Be4 Kg7 23. gxh5 Rh8 24. Bxg6 fxg6 25. Rxe6 Rxh5 26. Rxe7+ Nxe7 27. Qd4+ Kg8 28. f4 Nf5 29. Qd7 Rc4 30. Qf7+ Kh8 31. Qf8# 1-0

[Event "December 19 Early 2023"]
[Site "https://www.chess.com"]
[Date "2023.12.19"]
[Round "4"]
[White "Bernadskiy, Vitaliy"]
[Black "Ovetchkin, Roman"]
[Result "1-0"]
[Board "31"]
[TimeControl "180+1"]
[WhiteFideId "14100371"]
[BlackFideId "4119991"]
[WhiteElo "2494"]
[BlackElo "2381"]
[WhiteTeam "UKR"]
[BlackTeam "RUS"]
[WhiteClock "0:00:03"]
[BlackClock "0:00:00"]

1. d4 Nf6 2. Nf3 g6 3. Nbd2 Bg7 4. c3 O-O 5. e4 d6 6. h3 c5 7. dxc5 dxc5 8. Bc4 Nc6 9. O-O Qc7 10. Qe2 Nh5 11. Qe3 b6 12. Re1 e5 13. Bd5 Nf4 14. Nc4 Bb7 15. g3 Nxd5 16. exd5 Na5 17. Nxa5 bxa5 18. c4 a4 19. Bd2 Ba6 20. b3 Rae8 21. Bc3 Bc8 22. Kh2 Qd7 23. Ng1 Qd6 24. Rab1 Bd7 25. b4 cxb4 26. Bxb4 Qc7 27. c5 a5 28. Ba3 Bc8 29. c6 f5 30. Qc5 f4 31. d6 Qf7 32. d7 Bxd7 33. cxd7 Qxd7 34. Rbd1 Qf7 35. Qd5 e4 36. g4 e3 37. Qxf7+ Rxf7 38. Nf3 Bc3 39. Re2 Bb4 40. Bc1 a3 41. fxe3 Rfe7 42. Rd3 Bc5 43. Kg2 fxe3 44. Rc3 Bb4 45. Rcxe3 Rxe3 46. Rxe3 Rc8 47. Bxa3 Rc2+ 48. Kg3 Rxa2 49. Bxb4 axb4 50. Rb3 Ra4 51. Nd4 Ra3 52. Kf4 Rxb3 53. Nxb3 Kf7 54. Ke5 g5 55. Nd4 h6 56. Ke4 Kf6 57. Nb3 Ke6 58. Kd4 Kd6 59. Nc5 Kc6 60. Kc4 Kd6 61. Nd3 b3 62. Kxb3 Kd5 63. Kc3 Ke4 64. Kd2 Kf3 65. Ke1 Kg3 66. Nf2 Kf3 67. Kf1 Kg3 68. Ke2 Kg2 69. Ke3 Kg3 70. Ne4+ Kxh3 71. Kf3 Kh4 72. Ng3 Kh3 73. Nh5 Kh4 74. Ng7 Kh3 75. Nf5 1-0

[Event "December 19 Early 2023"]
[Site "https://www.chess.com"]
[Date "2023.12.19"]
[Round "4"]
[White "Klymchuk, Andriy"]
[Black "Taboas Rodriguez, Daniel"]
[Result "1-0"]
[Board "32"]
[TimeControl "180+1"]
[WhiteFideId "14140063"]
[BlackFideId "2208466"]
[WhiteElo "2487"]
[BlackElo "2365"]
[WhiteTeam "UKR"]
[BlackTeam "ESP"]
[WhiteClock "0:01:05"]
[BlackClock "0:00:53"]

1. e4 e5 2. Nf3 Nc6 3. Bb5 Nf6 4. Qe2 d6 5. c3 Bd7 6. O-O g6 7. d4 Bg7 8. dxe5 Nxe5 9. Nxe5 dxe5 10. Bg5 O-O 11. Nd2 c6 12. Bc4 Qe7 13. a4 Rad8 14. Rfd1 h6 15. Be3 b6 16. a5 c5 17. axb6 axb6 18. Ra7 Ra8 19. Rda1 Rxa7 20. Rxa7 Qd6 21. f3 Nh5 22. Bd5 Nf4 23. Bxf4 exf4 24. Nc4 Qe7 25. Nxb6 Bb5 26. Rxe7 Bxe2 27. Kf2 Bb5 28. Nd7 Bxd7 29. Rxd7 Be5 30. Ke2 Kg7 31. Kd3 g5 32. Kc4 Rb8 33. Rxf7+ Kg6 34. Rb7 Rc8 35. Be6 Rc6 36. Kd5 Rc7 37. Rxc7 Bxc7 38. Kxc5 Kf6 39. Bf5 Ke5 40. b4 h5 41. Kc6 Bd8 42. b5 Ba5 43. b6 1-0

[Event "December 19 Early 2023"]
[Site "https://www.chess.com"]
[Date "2023.12.19"]
[Round "4"]
[White "Klukin, Kirill"]
[Black "Silva Lucena, Cristian"]
[Result "1-0"]
[Board "33"]
[TimeControl "180+1"]
[WhiteFideId "24199273"]
[BlackFideId "2232588"]
[WhiteElo "2348"]
[BlackElo "2248"]
[WhiteTeam "RUS"]
[BlackTeam "ESP"]
[WhiteClock "0:00:27"]
[BlackClock "0:00:31"]

1. e4 e5 2. Nf3 Nf6 3. Nxe5 Nxe4 4. Qe2 Qe7 5. Qxe4 d6 6. d4 dxe5 7. dxe5 Nc6 8. Nc3 Qxe5 9. Bf4 Qxe4+ 10. Nxe4 Bb4+ 11. c3 Ba5 12. O-O-O Bb6 13. Bc4 O-O 14. Rhe1 Bf5 15. f3 h6 16. g4 Bg6 17. h4 Rad8 18. h5 Bh7 19. g5 Bxe4 20. Rxd8 Rxd8 21. Rxe4 hxg5 22. Bxg5 Rf8 23. b4 a6 24. a4 Kh7 25. a5 Bf2 26. Bd3 f5 27. Re6 Bg3 28. f4 Rf7 29. Kc2 Nb8 30. Re5 g6 31. Re8 Nd7 32. Bc4 Rg7 33. h6 1-0

[Event "December 19 Early 2023"]
[Site "https://www.chess.com"]
[Date "2023.12.19"]
[Round "4"]
[White "Durarbayli, Vasif"]
[Black "Kleinman, Michael"]
[Result "1-0"]
[Board "34"]
[TimeControl "180+1"]
[WhiteFideId "13402935"]
[BlackFideId "2609479"]
[WhiteElo "2551"]
[BlackElo "2287"]
[WhiteTeam "AZE"]
[BlackTeam "CAN"]
[WhiteClock "0:00:01"]
[BlackClock "0:00:00"]

1. c4 c5 2. Nc3 Nc6 3. Nf3 Nf6 4. e3 e6 5. d4 d5 6. a3 a6 7. h3 dxc4 8. Bxc4 b5 9. Ba2 Bb7 10. O-O Be7 11. Qe2 O-O 12. Rd1 cxd4 13. exd4 Nd5 14. Nxd5 exd5 15. Bd2 Bf6 16. Qd3 g6 17. Rac1 Qd6 18. Bg5 Rad8 19. Qd2 Bxg5 20. Qxg5 Bc8 21. Qh6 f6 22. Rc5 Ne7 23. Re1 Be6 24. Qe3 Kf7 25. Bb1 Rfe8 26. h4 Nf5 27. Qc1 Rc8 28. h5 Nxd4 29. hxg6+ hxg6 30. Nxd4 Qxc5 31. Qh6 Qf8 32. Bxg6+ 1-0

[Event "December 19 Early 2023"]
[Site "https://www.chess.com"]
[Date "2023.12.19"]
[Round "4"]
[White "Khamdamova, Afruza"]
[Black "Alexandre, Anne Shopie Elizabeth"]
[Result "0-1"]
[Board "35"]
[TimeControl "180+1"]
[WhiteFideId "14210444"]
[BlackFideId "11902418"]
[WhiteElo "2295"]
[BlackElo "2830"]
[WhiteTeam "UZB"]
[BlackTeam "HAI"]
[WhiteClock "0:00:01"]
[BlackClock "0:01:59"]

1. e4 d6 2. d4 Nf6 3. Nc3 g6 4. Be3 c6 5. f3 b5 6. Qd2 b4 7. Nce2 a5 8. O-O-O Qc7 9. h4 h5 10. Nh3 Bxh3 11. Rxh3 Nbd7 12. Kb1 Bg7 13. Nc1 O-O 14. Bd3 c5 15. dxc5 Nxc5 16. Rg3 Na4 17. Bd4 e5 18. Be3 d5 19. Bh6 dxe4 20. Bxg7 Kxg7 21. Bxe4 Rad8 22. Qe1 Rxd1 23. Qxd1 Rd8 24. Qe2 Nc5 25. Bd3 e4 26. Rg5 exd3 27. cxd3 Ne6 28. Rb5 Nd4 0-1

[Event "December 19 Early 2023"]
[Site "https://www.chess.com"]
[Date "2023.12.19"]
[Round "4"]
[White "Lagarde, Maxime"]
[Black "Sharapov, Evgeny"]
[Result "0-1"]
[Board "36"]
[TimeControl "180+1"]
[WhiteFideId "662399"]
[BlackFideId "14103133"]
[WhiteElo "2564"]
[BlackElo "2358"]
[WhiteTeam "FRA"]
[BlackTeam "UKR"]
[WhiteClock "0:00:00"]
[BlackClock "0:00:18"]

1. d4 d5 2. c4 c6 3. Nc3 Nf6 4. Nf3 e6 5. Bg5 Be7 6. Qc2 O-O 7. Rd1 Nbd7 8. h4 b6 9. e4 dxe4 10. Nxe4 Bb7 11. Bd3 Nxe4 12. Bxe4 h6 13. Be3 Nf6 14. Ne5 Nxe4 15. Qxe4 f5 16. Qf4 Bb4+ 17. Kf1 Qc7 18. c5 Ba6+ 19. Kg1 bxc5 20. dxc5 Rad8 21. Rxd8 Rxd8 22. Rh3 Rd1+ 23. Kh2 Rd5 24. Ng6 Qxf4+ 25. Nxf4 Re5 26. Ng6 Re4 27. Ne7+ Kh7 28. Nxc6 f4 29. Nxb4 fxe3 30. Rxe3 Rxb4 31. b3 Bc8 32. Kg3 Kg6 33. Rd3 Kf6 34. Rd8 Bb7 35. Rd7 a5 36. Rc7 Bd5 37. Ra7 a4 38. Rxa4 Rxa4 39. bxa4 Ke5 40. a5 Kd4 41. a6 Kxc5 42. f3 Kd6 43. a7 Ke5 44. Kg4 g6 45. g3 Kf6 46. Kf4 e5+ 47. Ke3 h5 48. a4 Ke6 49. g4 Kd6 50. gxh5 gxh5 51. f4 e4 52. Kd4 Ba8 53. a5 Ke6 54. a6 Kf6 55. Kc5 Kf5 56. Kb6 e3 57. Kc7 e2 58. Kb8 Bf3 59. a8=Q Bxa8 60. Kxa8 e1=Q 61. a7 Qe8+ 62. Kb7 Kxf4 63. a8=Q Qxa8+ 64. Kxa8 Kg4 0-1

[Event "December 19 Early 2023"]
[Site "https://www.chess.com"]
[Date "2023.12.19"]
[Round "4"]
[White "Zimmermann, Ulrich"]
[Black "Yeremyan, Alen"]
[Result "0-1"]
[Board "37"]
[TimeControl "180+1"]
[WhiteFideId "24654523"]
[BlackFideId "13308998"]
[WhiteElo "2223"]
[BlackElo "2160"]
[WhiteTeam "GER"]
[BlackTeam "ARM"]
[WhiteClock "0:01:02"]
[BlackClock "0:01:02"]

1. Nf3 Nf6 2. g3 g6 3. Bg2 Bg7 4. O-O O-O 5. c4 c5 6. Nc3 Nc6 7. Ne1 d6 8. Nc2 Bd7 9. Rb1 Qc8 10. a3 Bh3 11. b4 Bxg2 12. Kxg2 Ne5 13. d3 h5 14. Bg5 Re8 15. Bxf6 Bxf6 16. Nd5 Bg7 17. h3 e6 18. Nf4 h4 19. gxh4 Qd8 20. Kh2 Qxh4 21. e3 b6 22. Ne1 Bh6 23. Nfg2 Qf6 24. f4 Nc6 25. e4 Bg7 26. Ne3 Qh4 27. N1g2 Qh6 28. Ng4 Qh7 29. f5 exf5 30. exf5 gxf5 31. Nf2 Nd4 32. bxc5 Be5+ 33. Kh1 Kh8 34. Ne3 Bg3 35. Nd5 Re2 36. Qxe2 Nxe2 37. cxb6 axb6 38. Rxb6 Be5 39. Re1 Ng3+ 40. Kg2 Rg8 41. Reb1 Ne4+ 42. Kf1 Nd2+ 43. Ke2 Nxb1 44. Rxb1 Qh5+ 45. Kf1 Qf3 46. d4 Rg2 47. Rb8+ Kg7 0-1